 Dungeon Crawl Stone Soup version 0.29-a0-872-g797fff5ad1 (webtiles) character file.

Game seed: 7079164508211355153

6885 Zonian the Slicer (level 10, -1/72 (74) HPs)
             Began as a Demonspawn Ice Elementalist on July 18, 2022.
             Was an Elder of Vehumet.
             Killed from afar by a white imp (10 damage)
             ... with a puff of frost
             ... summoned by a kobold demonologist
             ... on level 9 of the Dungeon on July 19, 2022.
             The game lasted 00:34:49 (13507 turns).

Zonian the Slicer (Demonspawn Ice Elementalist)    Turns: 13507, Time: 00:34:50

HP:   -1/72 (74)    AC: 12    Str:  8    XL:     10   Next: 79%
MP:   0/17          EV: 13    Int: 22    God:    Vehumet [****..]
Gold: 431           SH:  4    Dex: 19    Spells: 6/19 levels left

rFire   + . .      SeeInvis .   M - +1 rapier (drain)
rCold   . . .      Faith    .   (no shield)
rNeg    . . .      Spirit   +   e - +0 leather armour {rF+}
rPois   +          Reflect  .   o - +2 helmet
rElec   .          Harm     .   i - +2 cloak
rCorr   .          Rampage  .   (no gloves)
Will    .....                   (no boots)
Stlth   +++.......              u - amulet of guardian spirit
HPRegen 0.22/turn               h - +6 ring of intelligence
MPRegen 0.15/turn               y - ring of poison resistance

@: lethally poisoned (-1 -> -10), lightly drained
A: icy blue scales 2, condensation shield, weakness stinger 2
a: Renounce Religion


You were on level 9 of the Dungeon.
You worshipped Vehumet.
Vehumet was greatly pleased with you.
You visited 1 branch of the dungeon, and saw 9 of its levels.

You collected 699 gold pieces.
You spent 268 gold pieces at shops.

Inventory:

Hand Weapons
 a - a +2 dagger of venom
 b - a +2 dagger of electrocution
 c - a +0 rapier
 m - a +2 antimagic spear
 t - a +3 spectral club
 G - a +0 rapier
 M - a +1 rapier of draining (weapon)
 N - a +2 broad axe of flaming
Missiles
 x - a throwing net
 C - 4 javelins
Armour
 e - a +0 leather armour of fire resistance (worn)
 i - a +2 cloak (worn)
 o - a +2 helmet (worn)
Magical Staves
 H - a staff of poison
Jewellery
 h - a +6 ring of intelligence (left hand)
 u - an amulet of guardian spirit (around neck)
 y - a ring of poison resistance (right hand)
 L - an amulet of reflection
Wands
 j - a wand of polymorph (18)
 p - a wand of digging (15)
 z - a wand of light (15)
Scrolls
 g - 2 scrolls of teleportation
 k - 2 scrolls of amnesia
 n - 3 scrolls of enchant armour
 s - 2 scrolls of immolation
 v - 2 scrolls of blinking
 w - a scroll of fear
 F - 3 scrolls of identify
 K - a scroll of fog
Potions
 l - 2 potions of attraction
 A - a potion of haste
 B - a potion of resistance
 E - a potion of might
 J - a potion of invisibility
Miscellaneous
 O - a lightning rod (4/4)


   Skills:
 - Level 5.0 Fighting
 + Level 10.3 Short Blades
 - Level 3.5 Dodging
 - Level 3.8 Stealth
 - Level 5.0 Spellcasting
 - Level 5.0 Ice Magic
 - Level 5.0 Air Magic
 - Level 5.0 Poison Magic


You had 6 spell levels left.
You knew the following spells:

 Your Spells              Type           Power      Damage    Failure   Level
a - Freeze                Ice            100%       1d11      1%          1
b - Frozen Ramparts       Ice            54%        1d7       1%          3
c - Ozocubu's Armour      Ice            27%        N/A       5%          3
d - Poisonous Vapours     Pois/Air       54%        N/A       1%          2
e - Airstrike             Air            13%        0-5+      5%          4

Your spell library contained the following spells:

 Spells                   Type           Power      Damage    Failure   Level
 Lee's Rapid Deconstruct  Erth           2%         3d6*      67%         5
 Static Discharge         Conj/Air       16%        3-5/arc   2%          2
 Dazzling Flash           Conj/Hex       10%        N/A       12%         3
 Hailstorm                Conj/Ice       16%        3d6       13%         4
 Sublimation of Blood     Necr           5%         N/A       22%         2
 Iskenderun's Mystic Bla  Conj/Tloc      5%         2d3       34%         4
 Lightning Bolt           Conj/Air       8%         1d20      34%         5
 Gell's Gravitas          Tloc           5%         N/A       41%         3
 Teleport Other           Tloc           5%         N/A       41%         3
 Irradiate                Conj/Tmut      2%         3d12      67%         5
 Petrify                  Tmut/Erth      5%         N/A       82%         4
 Starburst                Conj/Fire      2%         6d3       99%         6
 Dispersal                Tloc           2%         N/A       100%        6
 Maxwell's Capacitive Co  Air            13%        ∞         100%        8


Dungeon Overview and Level Annotations

Branches:
Dungeon (9/15)             Temple (0/1) D:7            Lair (0/5) D:9
    Orc: D:9-12

Altars:
Fedhas
Kikubaaqudgha
Makhleb
Nemelex Xobeh
Qazlal
Ru
Trog
Vehumet
Xom
Yredelemnul

Shops:
D:1 ?   D:5 ?*

Annotations:
D:5 1 runed translucent door, Crazy Yiuf
D:9 Maggie


Innate Abilities, Weirdness & Mutations

You are mostly covered in icy blue scales. (AC +3)
A meltable shield of frost defends you. (SH +4)
You have a tail ending in a sharp stinger.


Message History

You freeze the kobold demonologist!
The kobold demonologist is severely wounded.
You feel very sick. The orange demon stings you from afar.
The kobold demonologist barely misses you.
The white imp barely misses you.
The crimson imp blinks!
The soul eater barely misses you. The white imp gestures at you.
The puff of frost hits you.
Casting: Freeze (safe; 1% risk of failure)
Confirm with . or Enter, or press ? or * to list all spells.
Aiming: Freeze (safe; 1% risk of failure)
Press: ? - help, Shift-Dir - straight line, f/p - kobold demonologist
Aim: a kobold demonologist, wielding a +0 dagger and wearing a +0 robe (severely wounded, heavily drained)
You freeze the kobold demonologist.
The kobold demonologist is severely wounded.
You feel very sick.
The kobold demonologist casts a cantrip, but nothing happens.
The orange demon closely misses you. The white imp gestures at you.
The puff of frost hits you. The soul eater misses you.
The white imp gestures at you. The puff of frost hits you.
* * * LOW HITPOINT WARNING * * *
You hit the kobold demonologist.
The kobold demonologist is severely wounded.
You feel sick.
The kobold demonologist barely misses you.
The orange demon completely misses you.
You barely miss the kobold demonologist.
The kobold demonologist is severely wounded.
You feel sick. The white imp gestures at you. The puff of frost misses you.
The crimson imp grins evilly.
The soul eater hits you!
* * * LOW HITPOINT WARNING * * *
The white imp gestures at you. The puff of frost hits you!
You die...

#.###...###...###...###
##.....#...#.#...#.....
...###...#.#...###...
#.#..#...#.#...#..#.#
####.#...###...###...#.#
[..........#...#........
.....554....###.........
.....5K5..####..........
.....35@.## +..........
..!...3..# #..........
........... #..........
.........### #..........
.##.###### ##########'
#. #...... # #.#####
#####'##### #..........


You could see a soul eater (summoned), an orange demon (summoned), a kobold
demonologist (very drained), a ynoxinul (summoned), a crimson imp (summoned), 2
white imps and 2 ufetubi.

Vanquished Creatures
  A two-headed ogre (D:9)
  Joseph (D:7)
  An elephant (D:9)
  7 yaks (D:9)
  A wyvern (D:7)
  A basilisk (D:9)
  A steam dragon (D:8)
  Menkaure (D:7)
  Duvessa (D:5)
  2 water moccasins (D:5)
  4 orc warriors
  An ice beast (D:7)
  5 black bears
  5 ogres
  A sky beast (D:5)
  A centaur (D:7)
  A phantom (D:6)
  3 bullfrogs
  A kobold brigand (D:9)
  A scorpion (D:5)
  3 wights (D:8)
  Dowan (D:5)
  8 killer bees
  A howler monkey (D:6)
  3 jellies
  9 hounds
  17 orc priests
  Jessica (D:3)
  8 orc wizards
  A mummy (D:6)
  Robin (D:4)
  4 adders
  7 gnolls (D:4)
  2 white imps
  An ufetubus (D:6)
  33 orcs
  3 bats
  4 endoplasms
  4 giant cockroaches
  16 goblins
  8 hobgoblins
  8 ball pythons
  6 frilled lizards
  2 hobgoblin zombies (D:6)
  13 kobolds
  A kobold zombie (D:6)
  An orc zombie (D:6)
  5 rats
211 creatures vanquished.

Vanquished Creatures (others)
  15 fungi (D:9)
  4 toadstools (D:1)
19 creatures vanquished.

Grand Total: 230 creatures vanquished

Notes
Turn   | Place    | Note
-------+----------+-------------------------------------------
     0 | D:1      | Zonian the Demonspawn Ice Elementalist began the quest for
                  | the Orb.
     0 | D:1      | Reached XP level 1. HP: 13/13 MP: 3/3
   376 | D:1      | Gained mutation: You are partially covered in icy blue
                  | scales. (AC +2) [demonic ancestry]
   376 | D:1      | Reached XP level 2. HP: 14/19 MP: 3/5
   525 | D:1      | Found Maetod's Magic Scroll Emporium.
  1186 | D:2      | Found a faded altar of an unknown god.
  1193 | D:2      | Prayed at the altar of an unknown god.
  1193 | D:2      | Became a worshipper of Vehumet
  1193 | D:2      | Reached * piety under Vehumet
  1193 | D:2      | Offered knowledge of Shock by Vehumet.
  1291 | D:2      | Gained mutation: You are mostly covered in icy blue scales.
                  | (AC +3) [demonic ancestry]
  1291 | D:2      | Reached XP level 3. HP: 22/24 MP: 1/6
  1912 | D:3      | Found a basalt altar of Yredelemnul.
  2056 | D:2      | Reached ** piety under Vehumet
  2056 | D:2      | Offered knowledge of Poisonous Vapours by Vehumet.
  2262 | D:2      | Learned a level 3 spell: Frozen Ramparts
  2266 | D:2      | Learned a level 3 spell: Ozocubu's Armour
  2333 | D:3      | Found a stormy altar of Qazlal.
  2355 | D:3      | Noticed Jessica
  2365 | D:2      | Gained mutation: You have a small tail. [demonic ancestry]
  2365 | D:2      | Reached XP level 4. HP: 11/30 MP: 4/8
  3153 | D:3      | Killed Jessica
  3161 | D:3      | Reached XP level 5. HP: 22/35 MP: 6/9
  3600 | D:3      | Found a blossoming altar of Fedhas.
  3600 | D:3      | Found a radiant altar of Vehumet.
  3673 | D:4      | Noticed an ogre
  4698 | D:4      | Killed an ogre
  4699 | D:4      | Gained mutation: A meltable shield of frost defends you.
                  | (SH +4) [demonic ancestry]
  4699 | D:4      | Reached XP level 6. HP: 41/41 MP: 4/11
  5186 | D:4      | Found a bloodstained altar of Trog.
  5683 | D:4      | Learned a level 2 spell: Poisonous Vapours
  5868 | D:4      | Noticed Robin
  5882 | D:4      | Killed Robin
  5994 | D:5      | Entered Level 5 of the Dungeon
  6031 | D:5      | Found Weorchuu's Magic Scroll Emporium.
  6034 | D:5      | Noticed a water moccasin
  6045 | D:5      | Killed a water moccasin
  6046 | D:5      | Reached skill level 5 in Ice Magic
  6046 | D:5      | Reached skill level 1 in Air Magic
  6046 | D:5      | Reached skill level 1 in Poison Magic
  6046 | D:5      | Reached XP level 7. HP: 36/46 MP: 7/12
  6047 | D:5      | Offered knowledge of Dazzling Flash by Vehumet.
  6056 | D:5      | Bought a scroll of blinking for 112 gold pieces
  6056 | D:5      | Bought a scroll of fear for 60 gold pieces
  6444 | D:5      | Gained mutation: You have a tail ending in a sharp stinger.
                  | [demonic ancestry]
  6444 | D:5      | Reached XP level 8. HP: 52/52 MP: 13/15
  6699 | D:5      | Reached skill level 5 in Spellcasting
  7111 | D:5      | Found a sparkling altar of Nemelex Xobeh.
  7311 | D:5      | Noticed Duvessa
  7311 | D:5      | Noticed Dowan
  7339 | D:5      | Killed Duvessa
  7350 | D:5      | Killed Dowan
  7351 | D:5      | Reached skill level 5 in Poison Magic
  7418 | D:5      | Found Jeysmo's Assorted Antiques.
  7426 | D:5      | Bought a forked bronze wand for 96 gold pieces
  7450 | D:5      | Reached *** piety under Vehumet
  7451 | D:5      | Reached skill level 5 in Air Magic
  7457 | D:5      | Reached skill level 1 in Fighting
  7829 | D:5      | Found a runed translucent door.
  7830 | D:5      | Noticed Crazy Yiuf
  8066 | D:6      | Reached XP level 9. HP: 62/64 MP: 16/16
  8612 | D:6      | Reached skill level 5 in Fighting
  8618 | D:6      | Offered knowledge of Airstrike by Vehumet.
  8619 | D:6      | Reached skill level 1 in Short Blades
  8702 | D:6      | Learned a level 4 spell: Airstrike
  9268 | D:7      | Noticed Joseph
  9286 | D:7      | Reached skill level 2 in Short Blades
  9294 | D:7      | Reached skill level 3 in Short Blades
  9391 | D:7      | Found a staircase to the Ecumenical Temple.
  9461 | D:7      | Noticed Menkaure
  9870 | D:7      | Reached skill level 4 in Short Blades
 10083 | D:7      | Reached **** piety under Vehumet
 10087 | D:7      | Reached skill level 5 in Short Blades
 10320 | D:7      | Found a burning altar of Makhleb.
 10424 | D:7      | Killed Joseph
 10425 | D:7      | Reached skill level 6 in Short Blades
 10425 | D:7      | Offered knowledge of Lee's Rapid Deconstruction by Vehumet.
 10662 | D:7      | Killed Menkaure
 11027 | D:8      | Reached XP level 10. HP: 42/71 MP: 9/17
 11485 | D:8      | Found an ancient bone altar of Kikubaaqudgha.
 11575 | D:8      | Reached skill level 7 in Short Blades
 11908 | D:8      | Found a shimmering altar of Xom.
 12717 | D:9      | Reached skill level 8 in Short Blades
 12821 | D:9      | Found a sacrificial altar of Ru.
 12833 | D:9      | Noticed a two-headed ogre
 12855 | D:9      | Killed a two-headed ogre
 12856 | D:9      | Reached skill level 9 in Short Blades
 12983 | D:9      | Noticed an elephant
 12995 | D:9      | Killed an elephant
 13043 | D:9      | Reached skill level 10 in Short Blades
 13064 | D:9      | Found a staircase to the Lair.
 13465 | D:9      | Noticed Maggie
 13490 | D:9      | Noticed a soul eater
 13492 | D:9      | Noticed an orange demon
 13507 | D:9      | Killed from afar by a white imp

Illustrated notes

Levels and vault maps discovered:
D:1:      ldierk_walled_garden_2, layout_basic, serial_shops,
          nicolae_shop_competitors_out_of_business
D:2:      layout_loops_ring, hellmonk_ecumenical_altar_heavens_door,
          minmay_splitting_lines
D:3:      layout_basic, grunt_qazlal_clouds, lemuel_crystal_altar,
          gammafunk_temple_overflow_statue, hangedman_decor_diamond_cutter,
          uniq_jessica
D:4:      minmay_door_path, layout_cave_pools, trog_antimagical, uniq_robin
D:5:      layout_loops_corners, nemelex_dance_club_becter, serial_shops, shop,
          nicolae_square_shop, uniq_crazy_yiuf_cottage, uniq_duvessa
D:6:      layout_gridville, minmay_mini_ossuary
D:7:      layout_cave_pools, lemuel_tele_altar, temple_green, uniq_joseph,
          uniq_menkaure
D:8:      layout_layer_cave, amcnicky_altar_gilded, kiku_gazebo_garden_becter
D:9:      layout_roguey, mainiacjoe_overflow_cross_hatched,
          kennysheep_mini_moat, david_lair_generic, nicolae_titane,
          uniq_maurice, uniq_maggie

Skill      XL: |  1  2  3  4  5  6  7  8  9 10 |
---------------+-------------------------------+-----
Stealth        | 2 3 |  3.8
Dodging        | 2 3 |  3.5
Ice Magic      | 4 5 |  5.0
Spellcasting   | 3 4 5 |  5.0
Air Magic      | 1 3 5 |  5.0
Poison Magic   | 1 3 5 |  5.0
Fighting       | 3 5 |  5.0
Short Blades   | 6 10 | 10.3

Action                   |  1- 3 |  4- 6 |  7- 9 | 10-12 || total
-------------------------+-------+-------+-------+-------++-------
Melee: Rapier            |    61 |    77 |       |    94 ||   232
       Punch             |     1 |     2 |     2 |       ||     5
       Tailslap          |       |     8 |    34 |    24 ||    66
       Dagger            |       |    40 |   224 |    47 ||   311
       Club              |       |       |    11 |       ||    11
Throw: Throwing net      |       |       |     1 |       ||     1
 Cast: Freeze            |    38 |     7 |     6 |     2 ||    53
       Frozen Ramparts   |       |    10 |    26 |    12 ||    48
       Ozocubu's Armour  |       |     1 |     8 |     2 ||    11
       Poisonous Vapours |       |       |     7 |       ||     7
Evoke: Wand              |       |       |     1 |       ||     1
  Use: Scroll            |     1 |    13 |     9 |     2 ||    25
       Potion            |       |     8 |     2 |     1 ||    11
 Stab: Sleeping          |     2 |     4 |     8 |     1 ||    15
       Distracted        |       |       |     2 |       ||     2
       Invisible         |       |       |     3 |       ||     3
Armor: Robe              |    30 |    67 |    24 |       ||   121
       Skin              |       |    10 |       |       ||    10
       Leather armour    |       |       |    50 |    43 ||    93
Dodge: Dodged            |    60 |    99 |   134 |    82 ||   375
Block: Other             |       |     9 |    36 |    21 ||    66

Table legend: (Time is in decaauts)
 A = Elapsed time spent in this place.
 B = Non-inter-level travel time spent in this place.
 C = Inter-level travel time spent in this place.
 D = Time resting spent in this place.
 E = Time spent auto-exploring this place.
 F = Levels seen in this place.
 G = Mean time per level.
                   A        B        C        D        E       F      G
               +--------+--------+--------+--------+--------+-----+--------+
         Total |  13474 |  13007 |    467 |   4456 |   6252 |   9 | 1497.1 |
       Dungeon |  13474 |  13007 |    467 |   4456 |   6252 |   9 | 1497.1 |
               +--------+--------+--------+--------+--------+-----+--------+

Top non-repeatable levels by time:
     D:5: 1886 daAuts
     D:4: 1810 daAuts
     D:2: 1755 daAuts
     D:8: 1739 daAuts
     D:7: 1647 daAuts
     D:3: 1421 daAuts
     D:6: 1350 daAuts
     D:1: 1042 daAuts
     D:9: 821 daAuts
